 Dungeon Crawl Stone Soup version 0.31-a0-152-g6aa68a64a1 (webtiles) character file.

Game seed: 3222891400202730121

62514 qw the Warrior (level 14, -7/141 HPs)
             Began as a Minotaur Hunter on June 9, 2023.
             Was a High Priest of Okawaru.
             Mangled by a skeletal warrior
             ... wielding a +0 battleaxe
              (17 damage)
             ... on level 13 of the Dungeon.
             The game lasted 00:10:11 (18147 turns).

qw the Warrior (Minotaur Hunter)                   Turns: 18147, Time: 00:10:12

Health: -7/141     AC: 19    Str: 24    XL:     14   Next: 64%
Magic:  20/20      EV: 22    Int:  7    God:    Okawaru [*****.]
Gold:   799        SH:  0    Dex: 17    Spells: 13/13 levels left

rFire   + . .        a - +3 orcbow
rCold   + . .        (shield currently unavailable)
rNeg    + . .        b - +0 troll leather armour
rPois   +            e - +2 hat
rElec   .            c - +2 cloak of Circular Logic {rPois rF+ rC+ Int+3}
rCorr   .            l - +2 pair of gloves
SInv    .            o - +2 pair of boots
Will    +....        p - amulet of faith
Stlth   +++          Y - ring of positive energy
HPRegen 1.23/turn    d - +6 ring of strength
MPRegen 0.17/turn

%: faith
@: about to teleport, heroic
A: horns 2, retaliatory headbutt, dopey 1
a: Renounce Religion, Heroism, Finesse, Duel


You were on level 13 of the Dungeon.
You worshipped Okawaru.
Okawaru was extremely pleased with you.
You visited 3 branches of the dungeon, and saw 19 of its levels.
You visited 1 bazaar.

You collected 1329 gold pieces.
You spent 530 gold pieces at shops.


Innate Abilities, Weirdness & Mutations

You have a pair of horns on your head.
You reflexively headbutt those who attack you in melee.
You are dopey. (Int -2)


   Skills:
 + Level 17.7(22.7) Fighting
 - Level 16.0(21.0) Ranged Weapons
 - Level 9.1(14.1) Armour
 - Level 12.0(17.0) Dodging
 - Level 0.7(5.7) Stealth
 - Level 10.0 Invocations


You had 13 spell levels left.
You didn't know any spells.
Your spell library was empty.

Inventory:

Hand Weapons
 a - a +3 orcbow (weapon)
Armour
 b - a +0 troll leather armour (worn)
 c - the +2 cloak of Circular Logic (worn) {rPois rF+ rC+ Int+3}
   (You acquired it on level 3 of the Dungeon)

   Int:       It affects your intelligence (+3).
   rF:        It protects you from fire.
   rC:        It protects you from cold.
   rPois:     It protects you from poison.
 e - a +2 hat (worn)
 k - the +1 hat of Odun {rPois rN+}
   (You found it on level 3 of the Dungeon)

   rPois:     It protects you from poison.
   rN:        It protects you from negative energy.
 l - a +2 pair of gloves (worn)
 o - a +2 pair of boots (worn)
 t - the +0 pair of gloves of Sif Muna {rPois Str+3 Int-3 Slay+2}
   (You found it on level 12 of the Dungeon)

   Str:       It affects your strength (+3).
   Int:       It affects your intelligence (-3).
   Slay:      It affects your accuracy & damage with ranged weapons and melee
   (+2).
   rPois:     It protects you from poison.
Jewellery
 d - a +6 ring of strength (right hand)
 p - an amulet of faith (around neck)
 u - the amulet of Qazlal's Favour {rElec Regen+}
   (You found it on level 12 of the Dungeon)

   [amulet of regeneration]

   rElec:     It insulates you from electricity.
   Regen:     It increases your rate of health regeneration.
 Y - a ring of positive energy (left hand)
Wands
 s - a wand of digging (5)
Scrolls
 i - 9 scrolls of identify
 m - 7 scrolls of teleportation
 r - 3 scrolls of enchant armour
Potions
 f - 2 potions of magic
 g - 10 potions of curing
 h - 3 potions of haste
 j - a potion of resistance
 n - a potion of might
 q - 4 potions of mutation

Dungeon Overview and Level Annotations

Branches:
Dungeon (13/15)            Temple (1/1) D:7            Lair (5/5) D:10
 Shoals (0/4) Lair:3        Snake (0/4) Lair:2        Slime (0/5) Lair:4
    Orc (0/2) D:9
 Vaults: D:13-14

Altars:
Ashenzari
Cheibriados
Dithmenos
Elyvilon
Fedhas
Gozag
Hepliaklqana
Kikubaaqudgha
Makhleb
Nemelex Xobeh
Okawaru
Qazlal
Ru
Sif Muna
Trog
Uskayaw
Vehumet
Wu Jian
Xom
Yredelemnul
Zin
The Shining One

Shops:
D:1 (   D:3 [   D:4 !   D:5 (   D:6 (

Annotations:
D:9 3 runed translucent doors, qw's ghost, novice MiHu
D:10 1 runed translucent door, qw's ghost, journeyman MiHu


Message History

The skeletal warrior is heavily damaged.
The skeletal warrior hits you with a +0 scimitar!!
The skeletal warrior completely misses you.
You furiously retaliate!
You headbutt the skeletal warrior!
The skeletal warrior hits you but does no damage.
You shoot an arrow.
The arrow hits the skeletal warrior but does no damage.
The skeletal warrior is heavily damaged.
The skeletal warrior barely misses you.
The skeletal warrior closely misses you. x2
You shoot an arrow. The arrow hits the skeletal warrior!
The skeletal warrior is severely damaged.
You shoot an arrow.
The arrow barely misses the skeletal warrior.
The skeletal warrior barely misses you. The skeletal warrior misses you.
You furiously retaliate!
You headbutt the skeletal warrior. The skeletal warrior misses you.
You shoot an arrow. The arrow hits the skeletal warrior.
The skeletal warrior is severely damaged.
The skeletal warrior hits you with a +0 battleaxe!
The skeletal warrior misses you.
The skeletal warrior hits you with a +0 scimitar!
18145 ||| READING 8 scrolls of teleportation.
As you read the scroll of teleportation, it crumbles to dust.
You feel strangely unstable.
The skeletal warrior hits you with a +0 scimitar.
The skeletal warrior hits you but does no damage.
The skeletal warrior hits you with a +0 scimitar!
18146 ||| DRINKING potion of heal wounds.
You feel much better.
The skeletal warrior completely misses you.
You furiously retaliate!
You headbutt the skeletal warrior!!
The skeletal warrior hits you but does no damage.
The skeletal warrior hits you with a +0 scimitar!!
You shoot an arrow.
The arrow hits the skeletal warrior but does no damage.
The skeletal warrior is severely damaged.
The skeletal warrior hits you with a +0 scimitar!
The skeletal warrior hits you with a +0 battleaxe!
You die...

.......<..#.........#
..........#.........#
##........#.........#
#........###########
#..................
#..................
#..................
#..................
.........z@.......
....######zz......
.... #.####### .. #.#
#.# #.# #.# ...


You could see 3 skeletal warriors.

Vanquished Creatures
  Gastronok (Lair:1)
  4 hydras
  A catoblepas (Lair:5)
  A centaur warrior (D:12)
  Erolcha (D:9)
  2 boulder beetles (D:12)
  3 two-headed ogres
  6 death yaks
  3 skysharks
  Pikel (D:7)
  4 lindwurms
  3 cyclopes
  An ugly thing (D:12)
  A wolf spider (D:12)
  2 manticores (Lair:5)
  Maurice (D:8)
  A merfolk siren (Lair:3)
  A centaur zombie (D:7)
  16 elephants (Lair:5)
  A torpor snail (Lair:5)
  4 black mambas
  3 centaur skeletons (D:7)
  Psyche (D:8)
  8 cane toads
  2 rime drakes (Lair:5)
  2 kobold demonologists
  6 komodo dragons
  A redback zombie (D:7)
  A meliai (shapeshifter) (D:13)
  3 trolls
  A hornet (D:12)
  2 hellwings (D:7)
  23 blink frogs
  Prince Ribbit (D:7)
  2 dream sheep (Lair:5)
  3 slime creatures (D:13)
  2 wyverns
  A shadow (D:9)
  A vampire (D:12)
  67 yaks
  4 wraiths
  3 basilisks
  A death yak simulacrum (Lair:3)
  4 vampire mosquitoes (D:13)
  Menkaure (D:6)
  2 nagas (Lair:2)
  15 water moccasins
  2 acid dragons
  An orc warrior (D:6)
  A sky beast (D:7)
  7 black bears
  2 ice beasts (D:7)
  6 centaurs
  35 wolves
  2 ogres
  4 lemures (D:7)
  6 kobold brigands
  2 phantoms
  17 bullfrogs
  4 scorpions
  A gnoll sergeant (D:5)
  2 cane toad simulacra (Lair:3)
  5 wights (D:9)
  2 troll zombies (D:9)
  8 killer bees
  14 howler monkeys
  An electric eel (Lair:1)
  A crimson imp (D:8)
  3 hounds
  5 jellies
  7 orc priests
  2 gnoll boudas (D:5)
  Jessica (D:2)
  2 iguanas
  3 sleepcaps
  15 orc wizards
  A boggart skeleton (D:7)
  3 ogre zombies (D:9)
  19 gnolls
  11 adders
  6 shadow imps
  6 white imps
  2 worms (D:2)
  6 dart slugs
  34 orcs
  2 bats (D:3)
  10 endoplasms
  A giant cockroach (D:1)
  11 hobgoblins
  23 jackals
  3 quokkas
  8 ball pythons
  5 frilled lizards
  6 goblins
  2 goblin zombies (D:9)
  3 hobgoblin skeletons (D:9)
  2 hobgoblin zombies (D:9)
  22 kobolds
  2 orc skeletons (D:9)
  9 orc zombies (D:9)
  5 rats
581 creatures vanquished.

Vanquished Creatures (others)
  An orc zombie (D:9)
1 creature vanquished.

Grand Total: 582 creatures vanquished

Notes
Turn   | Place    | Note
-------+----------+-------------------------------------------
     0 | D:1      | qw the Minotaur Hunter began the quest for the Orb.
     0 | D:1      | Reached XP level 1. HP: 18/18 MP: 0/0
     0 | D:1      | 0 ||| qw: Version: 0.2-a-121-gba3a3e5
     0 | D:1      | 0 ||| qw: Game counter: 3193
     0 | D:1      | 0 ||| qw: Always use a shield: true
     0 | D:1      | 0 ||| qw: God list: Okawaru
     0 | D:1      | 0 ||| qw: Allow faded altars: false
     0 | D:1      | 0 ||| qw: Do Orc after D:15 true
     0 | D:1      | 0 ||| qw: Do second Lair branch before Depths: true
     0 | D:1      | 0 ||| qw: Lair rune preference: random
     0 | D:1      | 0 ||| qw: Plans: Normal
     0 | D:1      | 0 ||| PLANNING D:1-11
    74 | D:1      | Reached XP level 2. HP: 25/25 MP: 1/1
   241 | D:1      | Found Gar Ogamumoe's Antique Weapon Boutique.
   251 | D:1      | 251 ||| SHOPLISTING glowing sling (130 gold, have 44).
   317 | D:1      | Reached skill level 3 in Fighting
   546 | D:1      | 546 ||| UPGRADING to +0 pair of gloves.
   551 | D:1      | 551 ||| READING 3 scrolls labelled ICYBLU ZOV GIRGH.
   552 | D:1      | 552 ||| READING 2 scrolls of brand weapon.
   552 | D:1      | 552 ||| BRANDING +0 shortbow of flaming.
   553 | D:1      | 553 ||| READING scroll of brand weapon.
   553 | D:1      | 553 ||| BRANDING +0 shortbow of electrocution.
   554 | D:1      | 554 ||| READING scroll labelled DUCVAEBOJA.
   555 | D:1      | 555 ||| READING 2 scrolls labelled VEHEGA RUAGAMURO.
   556 | D:1      | 556 ||| READING 2 scrolls labelled MAPIDA WUBEO.
   557 | D:1      | 557 ||| READING scroll labelled CIGGEO ASAOZUIHA.
   558 | D:1      | 558 ||| DROPPING scroll of butterflies.
   559 | D:1      | 559 ||| DROPPING scroll of noise.
   589 | D:2      | 589 ||| STAIRDANCE
   595 | D:1      | Reached XP level 3. HP: 27/31 MP: 2/2
   613 | D:2      | 613 ||| STAIRDANCE
   772 | D:2      | Noticed Jessica
   777 | D:2      | Killed Jessica
   778 | D:2      | Reached skill level 6 in Ranged Weapons
   778 | D:2      | Reached XP level 4. HP: 17/38 MP: 3/3
   899 | D:2      | You fall into a shaft and drop 2 floors!
   942 | D:4      | Reached skill level 1 in Armour
   957 | D:4      | Found Faet's Distillery.
   960 | D:4      | 960 ||| BUYING potion of curing (30 gold).
   960 | D:4      | Bought a potion of curing for 30 gold pieces
   960 | D:4      | 960 ||| BUYING potion of heal wounds (50 gold).
   960 | D:4      | Bought a potion of heal wounds for 50 gold pieces
   960 | D:4      | 960 ||| SHOPLISTING potion of might (40 gold, have 14).
   969 | D:4      | Noticed a black bear
   973 | D:4      | Killed a black bear
   974 | D:4      | Reached skill level 4 in Fighting
   974 | D:4      | Reached XP level 5. HP: 47/47 MP: 4/4
  1026 | D:4      | 1026 ||| Stepping ~*~*~tactically~*~*~ (outnumbered).
  1207 | D:4      | 1207 ||| UPGRADING to +0 ring mail.
  1217 | D:4      | 1217 ||| DROPPING +0 leather armour.
  1218 | D:4      | 1218 ||| READING scroll labelled XYVELA UHUEM.
  1221 | D:4      | 1221 ||| READING scroll labelled LEXKUT JAE.
  1222 | D:4      | 1222 ||| READING scroll labelled MEIXZYR MOITRY.
  1223 | D:4      | 1223 ||| READING 2 scrolls of identify.
  1223 | D:4      | 1223 ||| IDENTIFYING clear potion
  1224 | D:4      | 1224 ||| DROPPING potion of berserk rage.
  1473 | D:3      | 1473 ||| READING 3 scrolls labelled BUSHRY WAIWUIJA.
  1474 | D:3      | 1474 ||| READING scroll labelled ZURGHI BEMO.
  1575 | D:3      | 1575 ||| READING scroll labelled SUVEAD MORPHYWK.
  1575 | D:3      | Identified a scroll of acquirement
  1575 | D:3      | 1575 ||| ACQUIRING +2 cloak of Circular Logic {rPois rF+
                  | rC+ Int+3}
  1575 | D:3      | Acquired the +2 cloak of Circular Logic {rPois rF+ rC+
                  | Int+3}
  1577 | D:3      | 1577 ||| UPGRADING to +2 cloak of Circular Logic {rPois rF+
                  | rC+ Int+3}.
  1582 | D:3      | 1582 ||| DROPPING 2 scrolls of magic mapping.
  1796 | D:2      | 1796 ||| UPGRADING to ring of positive energy.
  1894 | D:3      | Noticed an ogre
  1899 | D:3      | Killed an ogre
  1900 | D:3      | Reached XP level 6. HP: 35/55 MP: 5/5
  2047 | D:3      | Found Cafotofe's Antique Armour Shoppe.
  2050 | D:3      | Identified the +1 hat of Odun {rPois rN+}
  2056 | D:3      | 2056 ||| SHOPLISTING distressingly furry leather armour
                  | (203 gold, have 66).
  2661 | D:3      | 2661 ||| UPGRADING to +1 hat of Odun {rPois rN+}.
  2666 | D:3      | 2666 ||| READING scroll labelled LOUKHL XUBUMN.
  2695 | D:4      | 2695 ||| READING scroll of enchant weapon.
  2695 | D:4      | 2695 ||| ENCHANTING +1 heavy shortbow.
  2796 | D:4      | 2796 ||| READING scroll of enchant weapon.
  2796 | D:4      | 2796 ||| ENCHANTING +2 heavy shortbow.
  2975 | D:4      | 2975 ||| READING 3 scrolls of enchant armour.
  2975 | D:4      | 2975 ||| ENCHANTING +0 pair of gloves.
  2976 | D:4      | 2976 ||| READING 2 scrolls of enchant armour.
  2976 | D:4      | 2976 ||| ENCHANTING +1 pair of gloves.
  3236 | D:4      | 3236 ||| READING scroll labelled FASKEUCIMY.
  3237 | D:4      | 3237 ||| DRINKING 2 fuming orange potions.
  3262 | D:4      | 3262 ||| DROPPING potion of lignification.
  3287 | D:5      | Entered Level 5 of the Dungeon
  3319 | D:5      | 3319 ||| DRINKING 11 potions of curing.
  3319 | D:5      | 3319 ||| (to cure confusion)
  3365 | D:5      | Reached XP level 7. HP: 60/60 MP: 6/6
  3368 | D:5      | Reached skill level 5 in Fighting
  3388 | D:5      | 3388 ||| DRINKING 11 potions of curing.
  3388 | D:5      | 3388 ||| (to cure confusion)
  3422 | D:5      | Found Pibbi's Antique Weapon Shoppe.
  3464 | D:5      | Found a hazy altar of Hepliaklqana.
  3467 | D:5      | Reached skill level 9 in Ranged Weapons
  3529 | D:5      | Reached skill level 3 in Dodging
  3588 | D:5      | 3588 ||| Stepping ~*~*~tactically~*~*~ (water).
  3593 | D:5      | Reached skill level 6 in Fighting
  3612 | D:5      | Reached XP level 8. HP: 55/70 MP: 7/7
  3614 | D:5      | 3614 ||| FLEEEEING.
  3957 | D:5      | Found a shimmering altar of Xom.
  3958 | D:5      | Found a sacrificial altar of Ru.
  4005 | D:5      | 4005 ||| Stepping ~*~*~tactically~*~*~ (water).
  4085 | D:5      | 4085 ||| Stepping ~*~*~tactically~*~*~ (outnumbered).
  4211 | D:5      | Reached skill level 3 in Armour
  4236 | D:5      | Reached skill level 7 in Fighting
  4264 | D:5      | 4264 ||| UPGRADING to +1 leather armour of cold resistance.
  4274 | D:5      | 4274 ||| DROPPING +0 ring mail.
  4275 | D:5      | 4275 ||| UPGRADING to +2 ring mail of positive energy.
  4285 | D:5      | 4285 ||| READING scroll labelled OGAGAT ENEID.
  4286 | D:5      | 4286 ||| DRINKING 2 fuming sapphire potions.
  4346 | D:6      | Noticed a cyclops
  4351 | D:6      | 4351 ||| STAIRDANCE
  4406 | D:6      | 4406 ||| STAIRDANCE
  4410 | D:5      | Killed a cyclops
  4551 | D:6      | 4551 ||| STAIRDANCE
  4554 | D:5      | Reached XP level 9. HP: 58/79 MP: 8/8
  4625 | D:6      | Found Zaf Qubocuh's Antique Weapon Shoppe.
  4662 | D:6      | 4662 ||| SHOPLISTING +6 arbalest "Damnation" {damnation}
                  | (2240 gold, have 152).
  4740 | D:6      | 4740 ||| Stepping ~*~*~tactically~*~*~ (outnumbered).
  4742 | D:6      | 4742 ||| Stepping ~*~*~tactically~*~*~ (outnumbered).
  4964 | D:6      | Reached skill level 12 in Ranged Weapons
  5261 | D:7      | Noticed a hellwing
  5264 | D:7      | Noticed a hellwing
  5266 | D:7      | Killed a hellwing
  5267 | D:7      | Reached skill level 8 in Fighting
  5267 | D:7      | 5267 ||| Stepping ~*~*~tactically~*~*~ (outnumbered).
  5271 | D:7      | Noticed Prince Ribbit
  5274 | D:7      | 5274 ||| Stepping ~*~*~tactically~*~*~ (outnumbered).
  5275 | D:7      | 5275 ||| Stepping ~*~*~tactically~*~*~ (outnumbered).
  5282 | D:7      | Killed a hellwing
  5304 | D:7      | HP: 19/82 [white imp/puff of frost (6)]
  5304 | D:7      | HP: 9/82 [white imp (2)]
  5305 | D:7      | 5305 ||| READING 3 scrolls of teleportation.
  5306 | D:7      | 5306 ||| DRINKING 4 potions of heal wounds.
  5309 | D:7      | Noticed Menkaure
  5310 | D:7      | 5310 ||| FLEEEEING.
  5311 | D:7      | 5311 ||| FLEEEEING.
  5315 | D:7      | 5315 ||| STAIRDANCE
  5466 | D:7      | 5466 ||| STAIRDANCE
  5472 | D:6      | Killed Menkaure
  5652 | D:7      | Reached XP level 10. HP: 61/90 MP: 9/9
  5674 | D:7      | Reached skill level 9 in Fighting
  5699 | D:7      | Killed Prince Ribbit
  5799 | D:7      | Noticed Pikel
  5808 | D:7      | Killed Pikel
  5841 | D:7      | Reached skill level 6 in Dodging
  6121 | D:7      | Found a staircase to the Ecumenical Temple.
  6122 | D:7      | 6122 ||| PLANNING TEMPLE
  6122 | D:7      | 6122 ||| DRINKING 2 green potions.
  6123 | D:7      | 6123 ||| DRINKING 2 fizzy puce potions.
  6124 | D:7      | 6124 ||| DRINKING 12 potions of curing.
  6124 | D:7      | 6124 ||| (to cure confusion)
  6125 | D:7      | 6125 ||| READING 2 scrolls of identify.
  6125 | D:7      | 6125 ||| IDENTIFYING lumpy cyan potion
  6126 | D:7      | 6126 ||| DROPPING potion of enlightenment.
  6127 | D:7      | 6127 ||| DROPPING potion of brilliance.
  6128 | D:7      | 6128 ||| DROPPING potion of ambrosia.
  6133 | Temple   | Entered the Ecumenical Temple
  6134 | Temple   | 6134 ||| PLANNING OKAWARU WORSHIP
  6177 | Temple   | Became a worshipper of Warmaster Okawaru
  6177 | Temple   | 6177 ||| PLANNING D:1-11
  6354 | D:7      | 6354 ||| READING 2 scrolls of identify.
  6354 | D:7      | 6354 ||| IDENTIFYING blue potion
  6471 | D:8      | Reached skill level 10 in Fighting
  6504 | D:8      | 6504 ||| SWAPPING to +0 orcbow.
  6505 | D:8      | 6505 ||| DROPPING +3 heavy shortbow.
  6755 | D:8      | Noticed Maurice
  6771 | D:8      | Killed Maurice
  6912 | D:8      | Noticed Psyche
  6921 | D:8      | Killed Psyche
  6921 | D:8      | Reached * piety under Okawaru
  7664 | D:8      | Reached skill level 1 in Invocations
  7792 | D:8      | 7792 ||| READING scroll labelled UDWOJY GUADE.
  7793 | D:8      | 7793 ||| DRINKING 2 smoky sapphire potions.
  7794 | D:8      | 7794 ||| READING 4 scrolls of identify.
  7794 | D:8      | 7794 ||| IDENTIFYING glowing dark potion
  7795 | D:8      | 7795 ||| READING 3 scrolls of identify.
  7795 | D:8      | 7795 ||| IDENTIFYING emerald potion
  7796 | D:8      | 7796 ||| DROPPING potion of degeneration.
  7877 | D:9      | Reached skill level 15 in Ranged Weapons
  7936 | D:9      | Found a staircase to the Orcish Mines.
  7939 | D:9      | 7939 ||| FLEEEEING.
  7940 | D:9      | 7940 ||| FLEEEEING.
  7942 | D:9      | 7942 ||| FLEEEEING.
  7943 | D:9      | 7943 ||| FLEEEEING.
  7944 | D:9      | 7944 ||| FLEEEEING.
  7945 | D:9      | 7945 ||| FLEEEEING.
  7946 | D:9      | 7946 ||| FLEEEEING.
  7947 | D:9      | 7947 ||| FLEEEEING.
  7953 | D:9      | 7953 ||| FLEEEEING.
  7954 | D:9      | 7954 ||| FLEEEEING.
  7955 | D:9      | 7955 ||| FLEEEEING.
  7956 | D:9      | 7956 ||| FLEEEEING.
  7957 | D:9      | 7957 ||| FLEEEEING.
  7958 | D:9      | 7958 ||| STAIRDANCE
  8003 | D:9      | 8003 ||| STAIRDANCE
  8091 | D:9      | Reached XP level 11. HP: 97/99 MP: 11/11
  8292 | D:9      | Noticed Erolcha
  8293 | D:9      | 8293 ||| INVOKING Heroism.
  8302 | D:9      | Killed Erolcha
  8303 | D:9      | Reached skill level 3 in Invocations
  8364 | D:9      | Reached ** piety under Okawaru
  8376 | D:9      | 8376 ||| INVOKING Heroism.
  8394 | D:9      | 8394 ||| INVOKING Heroism.
  8452 | D:9      | 8452 ||| FLEEEEING.
  8480 | D:9      | 8480 ||| FLEEEEING.
  8598 | D:9      | 8598 ||| FLEEEEING.
  8606 | D:9      | 8606 ||| INVOKING Heroism.
  8826 | D:9      | Found a runed translucent gate.
  8827 | D:9      | Found a runed translucent gate.
  8915 | D:9      | 8915 ||| FLEEEEING.
  8916 | D:9      | 8916 ||| FLEEEEING.
  8917 | D:9      | 8917 ||| FLEEEEING.
  8931 | D:9      | 8931 ||| INVOKING Heroism.
  8937 | D:9      | HP: 20/99 [yak (13)]
  8938 | D:9      | 8938 ||| READING 6 scrolls of teleportation.
  8938 | D:9      | HP: 6/99 [acid dragon (10)]
  8939 | D:9      | 8939 ||| DRINKING 3 potions of heal wounds.
  8940 | D:9      | 8940 ||| DRINKING 2 potions of heal wounds.
  8941 | D:9      | 8941 ||| DRINKING potion of heal wounds.
  9052 | D:9      | 9052 ||| FLEEEEING.
  9053 | D:9      | 9053 ||| FLEEEEING.
  9054 | D:9      | 9054 ||| FLEEEEING.
  9105 | D:9      | Found a runed translucent gate.
  9105 | D:9      | Noticed qw's ghost (novice MiHu)
  9150 | D:9      | 9150 ||| INVOKING Heroism.
  9314 | D:9      | 9314 ||| INVOKING Heroism.
  9563 | D:9      | Noticed a soul eater
  9770 | D:9      | 9770 ||| UPGRADING to +0 troll leather armour.
  9780 | D:9      | 9780 ||| DROPPING +1 leather armour of cold resistance.
  9781 | D:9      | 9781 ||| DROPPING +2 ring mail of positive energy.
  9782 | D:9      | 9782 ||| UPGRADING to ring of positive energy.
  9789 | D:10     | Entered Level 10 of the Dungeon
  9909 | D:10     | 9909 ||| INVOKING Heroism.
  9921 | D:10     | 9921 ||| DRINKING 12 potions of curing.
  9921 | D:10     | 9921 ||| (to cure confusion)
 10037 | D:10     | Reached skill level 11 in Fighting
 10042 | D:10     | Reached *** piety under Okawaru
 10094 | D:10     | 10094 ||| INVOKING Heroism.
 10155 | D:10     | 10155 ||| FLEEEEING.
 10156 | D:10     | 10156 ||| FLEEEEING.
 10157 | D:10     | 10157 ||| STAIRDANCE
 10219 | D:10     | Found a staircase to the Lair.
 10291 | D:10     | Noticed qw's ghost (journeyman MiHu)
 10292 | D:10     | Found a runed translucent door.
 10300 | D:10     | 10300 ||| INVOKING Heroism.
 10384 | D:10     | 10384 ||| PLANNING LAIR
 10406 | Lair:1   | Entered Level 1 of the Lair of Beasts
 10478 | Lair:1   | 10478 ||| INVOKING Heroism.
 10484 | Lair:1   | Reached XP level 12. HP: 111/111 MP: 11/14
 10495 | Lair:1   | 10495 ||| INVOKING Heroism.
 10508 | Lair:1   | Reached skill level 12 in Fighting
 10814 | Lair:1   | Reached skill level 9 in Dodging
 10826 | Lair:1   | Reached **** piety under Okawaru
 10850 | Lair:1   | 10850 ||| INVOKING Heroism.
 10988 | Lair:1   | Noticed Gastronok
 10989 | Lair:1   | 10989 ||| INVOKING Heroism.
 11005 | Lair:1   | 11005 ||| INVOKING Heroism.
 11010 | Lair:1   | Killed Gastronok
 11011 | Lair:1   | Reached skill level 13 in Fighting
 11096 | Lair:1   | 11096 ||| Stepping ~*~*~tactically~*~*~ (outnumbered).
 11323 | Lair:1   | Reached skill level 6 in Armour
 11546 | Lair:2   | Found a staircase to the Snake Pit.
 11562 | Lair:2   | 11562 ||| INVOKING Heroism.
 11594 | Lair:2   | 11594 ||| INVOKING Heroism.
 11666 | Lair:2   | 11666 ||| INVOKING Heroism.
 11743 | Lair:2   | You fall into a shaft and drop 1 floor!
 11907 | Lair:3   | Reached skill level 6 in Invocations
 11995 | Lair:3   | 11995 ||| DROPPING +1 pair of gloves.
 11996 | Lair:3   | 11996 ||| UPGRADING to +0 pair of boots.
 12001 | Lair:3   | 12001 ||| READING 4 scrolls of enchant armour.
 12001 | Lair:3   | 12001 ||| ENCHANTING +0 pair of boots.
 12002 | Lair:3   | 12002 ||| READING 3 scrolls of enchant armour.
 12002 | Lair:3   | 12002 ||| ENCHANTING +1 pair of boots.
 12003 | Lair:3   | 12003 ||| DRINKING 2 fuming brown potions.
 12060 | Lair:2   | 12060 ||| Stepping ~*~*~tactically~*~*~ (outnumbered).
 12269 | Lair:2   | 12269 ||| INVOKING Heroism.
 12466 | Lair:2   | 12466 ||| READING scroll labelled PON NEULAUBLIA.
 12567 | Lair:3   | Found a staircase to the Shoals.
 12693 | Lair:3   | 12693 ||| INVOKING Heroism.
 12732 | Lair:3   | 12732 ||| FLEEEEING.
 12771 | Lair:3   | Reached XP level 13. HP: 103/122 MP: 17/17
 12771 | Lair:3   | 12771 ||| FLEEEEING.
 12772 | Lair:3   | 12772 ||| FLEEEEING.
 12773 | Lair:3   | 12773 ||| FLEEEEING.
 12774 | Lair:3   | 12774 ||| FLEEEEING.
 12775 | Lair:3   | 12775 ||| FLEEEEING.
 12776 | Lair:3   | 12776 ||| FLEEEEING.
 13003 | Lair:3   | 13003 ||| READING scroll of enchant weapon.
 13003 | Lair:3   | 13003 ||| ENCHANTING +0 orcbow.
 13181 | Lair:3   | 13181 ||| DROPPING +2 cloak.
 13182 | Lair:3   | 13182 ||| READING scroll labelled PEHYIK TEURHING.
 13226 | Lair:4   | 13226 ||| INVOKING Heroism.
 13544 | Lair:4   | Reached ***** piety under Okawaru
 13548 | Lair:4   | 13548 ||| INVOKING Heroism.
 13567 | Lair:4   | 13567 ||| INVOKING Finesse.
 13577 | Lair:4   | Reached skill level 14 in Fighting
 13621 | Lair:4   | 13621 ||| INVOKING Heroism.
 13978 | Lair:4   | 13978 ||| INVOKING Heroism.
 14082 | Lair:4   | 14082 ||| INVOKING Heroism.
 14092 | Lair:4   | Received a gift from Okawaru
 14100 | Lair:4   | Reached skill level 9 in Invocations
 14175 | Lair:4   | Reached skill level 15 in Fighting
 14205 | Lair:4   | 14205 ||| INVOKING Heroism.
 14257 | Lair:4   | Found a staircase to the Slime Pits.
 14508 | Lair:5   | Entered Level 5 of the Lair of Beasts
 14532 | Lair:5   | 14532 ||| INVOKING Heroism.
 14546 | Lair:5   | HP: 25/126 [yak (10)]
 14547 | Lair:5   | 14547 ||| READING 7 scrolls of teleportation.
 14548 | Lair:5   | 14548 ||| DRINKING potion of heal wounds.
 14626 | Lair:5   | 14626 ||| INVOKING Heroism.
 14664 | Lair:5   | 14664 ||| INVOKING Heroism.
 14694 | Lair:5   | 14694 ||| INVOKING Finesse.
 14853 | Lair:5   | 14853 ||| INVOKING Heroism.
 14854 | Lair:5   | 14854 ||| INVOKING Finesse.
 15212 | Lair:5   | Received a gift from Okawaru
 15224 | Lair:5   | 15224 ||| INVOKING Heroism.
 15357 | Lair:5   | 15357 ||| INVOKING Heroism.
 15377 | Lair:5   | Reached XP level 14. HP: 103/135 MP: 20/20
 15437 | Lair:5   | 15437 ||| INVOKING Heroism.
 15789 | Lair:5   | 15789 ||| INVOKING Heroism.
 15795 | Lair:5   | Reached skill level 16 in Fighting
 15796 | Lair:5   | 15796 ||| INVOKING Finesse.
 15906 | Lair:5   | 15906 ||| INVOKING Heroism.
 15910 | Lair:5   | 15910 ||| INVOKING Finesse.
 15972 | Lair:5   | 15972 ||| INVOKING Heroism.
 15983 | Lair:5   | Reached skill level 12 in Dodging
 15990 | Lair:5   | 15990 ||| Stepping ~*~*~tactically~*~*~ (cloud).
 15992 | Lair:5   | 15992 ||| Stepping ~*~*~tactically~*~*~ (cloud).
 15996 | Lair:5   | 15996 ||| Stepping ~*~*~tactically~*~*~ (cloud).
 15999 | Lair:5   | 15999 ||| Stepping ~*~*~tactically~*~*~ (cloud).
 16034 | Lair:5   | 16034 ||| Stepping ~*~*~tactically~*~*~ (outnumbered).
 16035 | Lair:5   | 16035 ||| Stepping ~*~*~tactically~*~*~ (outnumbered).
 16049 | Lair:5   | 16049 ||| INVOKING Heroism.
 16076 | Lair:5   | Reached skill level 9 in Armour
 16125 | Lair:5   | 16125 ||| READING scroll of enchant weapon.
 16125 | Lair:5   | 16125 ||| ENCHANTING +1 orcbow.
 16126 | Lair:5   | Identified the staff of death "Buisaudo" {rElec rN+ Str+4
                  | Dex-5}
 16314 | Lair:5   | 16314 ||| PLANNING D:1-11
 16314 | Lair:5   | 16314 ||| DROPPING +2 robe of positive energy.
 16315 | Lair:5   | 16315 ||| UPGRADING to +6 ring of strength.
 16317 | Lair:5   | 16317 ||| DROPPING ring of positive energy.
 16932 | D:11     | 16932 ||| PLANNING D
 16932 | D:11     | 16932 ||| UPGRADING to amulet of the acrobat.
 16937 | D:11     | 16937 ||| READING 8 scrolls of identify.
 16937 | D:11     | 16937 ||| IDENTIFYING white potion
 16938 | D:11     | 16938 ||| DROPPING potion of attraction.
 16958 | D:12     | 16958 ||| PLANNING BAZAAR
 16970 | D:12     | Gained mutation: You are dopey. (Int -2) [a neqoxec]
 17129 | D:12     | 17129 ||| INVOKING Heroism.
 17299 | D:12     | Found the +10 dark maul {heavy}
 17301 | D:12     | Identified the +8 short sword "Likad" {flame, Fragile
                  | +Blink rElec Int+4}
 17329 | D:12     | 17329 ||| INVOKING Heroism.
 17369 | D:12     | 17369 ||| INVOKING Heroism.
 17387 | D:12     | Reached skill level 17 in Fighting
 17439 | D:12     | Identified the +0 pair of gloves of Sif Muna {rPois Str+3
                  | Int-3 Slay+2}
 17442 | D:12     | Identified the amulet of Qazlal's Favour {rElec Regen+}
 17616 | D:12     | Identified the +0 flail "Ditte" {antimagic, *Noise rCorr
                  | Int+2 Dex+5}
 17671 | D:12     | 17671 ||| DRINKING 11 potions of curing.
 17671 | D:12     | 17671 ||| (to cure confusion)
 17730 | D:12     | 17730 ||| INVOKING Heroism.
 17815 | D:12     | Found a flickering gateway to a bazaar.
 17816 | D:12     | 17816 ||| UPGRADING to amulet of faith.
 17826 | D:12     | 17826 ||| DROPPING amulet of the acrobat.
 17835 | Bazaar   | Entered a bazaar
 17835 | Bazaar   | Found Beepynani's General Store.
 17835 | Bazaar   | Found Aptad's General Store.
 17835 | Bazaar   | Found Xafoopif's Armour Boutique.
 17838 | Bazaar   | 17838 ||| BUYING scroll of enchant weapon (60 gold).
 17838 | Bazaar   | Bought a scroll of enchant weapon for 60 gold pieces
 17838 | Bazaar   | 17838 ||| READING scroll of enchant weapon.
 17838 | Bazaar   | 17838 ||| ENCHANTING +2 orcbow.
 17845 | Bazaar   | 17845 ||| BUYING +2 hat (240 gold).
 17845 | Bazaar   | Bought a +2 hat for 240 gold pieces
 17845 | Bazaar   | 17845 ||| BUYING potion of heal wounds (75 gold).
 17845 | Bazaar   | Bought a potion of heal wounds for 75 gold pieces
 17845 | Bazaar   | 17845 ||| BUYING scroll of identify (30 gold).
 17845 | Bazaar   | Bought a scroll of identify for 30 gold pieces
 17845 | Bazaar   | 17845 ||| BUYING scroll of teleportation (45 gold).
 17845 | Bazaar   | Bought a scroll of teleportation for 45 gold pieces
 17845 | Bazaar   | 17845 ||| UPGRADING to +2 hat.
 17859 | D:12     | 17859 ||| PLANNING D
 18020 | D:13     | 18020 ||| STAIRDANCE
 18120 | D:13     | 18120 ||| INVOKING Heroism.
 18144 | D:13     | HP: 35/141 [skeletal warrior/+0 scimitar (8)]
 18145 | D:13     | 18145 ||| READING 8 scrolls of teleportation.
 18146 | D:13     | 18146 ||| DRINKING potion of heal wounds.
 18147 | D:13     | HP: 10/141 [skeletal warrior/+0 scimitar (12)]
 18147 | D:13     | Mangled by a skeletal warrior

Levels and vault maps discovered:
D:1:      dpeg_arrival_line_fractal, layout_rooms, serial_shops, shop
D:2:      layout_rooms, uniq_jessica
D:3:      layout_basic, serial_shops, shop
D:4:      layout_basic, serial_shops, nicolae_shop_real_fake_doors,
          dreamdust_mushroom_princess, nicolae_figureground_sparkle
D:5:      lemuel_castle_with_subvaults [lemuel_castle_interior_carwin_2],
          layout_cave_pools, mainiacjoe_overflow_paths,
          gammafunk_temple_overflow_statue, nicolae_stop_n_shop_1,
          serial_bayou_ford_a
D:6:      layout_basic, serial_shops, nicolae_shop_peninsula, uniq_edmund
D:7:      cheibrodos_grave_circle, layout_rooms,
          minmay_temple_entry_glassed_door, enter_bailey_8, uniq_prince_ribbit1,
          uniq_pikel, uniq_menkaure
D:8:      layout_layer_cave, minmay_fire_ice_demons, uniq_maurice, uniq_psyche
D:9:      cheibrodos_barr_body, layout_gridville, zombieorc1_lemuel,
          serial_glass, glass_columns_b, glass_columns_a, glass_columns_b,
          glass_columns_a, glass_columns_a, glass_columns_b,
          minmay_strange_pillars, ebering_ghost_rock_garden, dk_noncrumbling_4,
          uniq_erolcha
D:10:     layout_rooms, due_lair_maze_entry_diamond,
          hellmonk_ghost_happy_afterlife
D:11:     layout_long_grid, lightli_minifort
D:12:     layout_grid_maze, serial_shops, bzr_entry_customers,
          minmay_diamond_spiral
D:13:     layout_irregular_city, gammafunk_ghost_door_vault
Temple:   hellmonk_temple_of_storms
Lair:1:   layout_regular_city, infiniplex_staircase_pool, lemuel_fruit_tree,
          grunt_megastairs_3, uniq_gastronok
Lair:2:   layout_regular_city, minmay_snake_entry_guardpost_small
Lair:3:   layout_regular_city, minmay_shoals_entry_lonely_mermaid,
          enter_volcano_4, portal_ice_cave_entry_ice_simulacra
Lair:4:   layout_cave_pods, nicolae_slime_entry_slimehenge, st_stairs_7,
          grunt_megastairs_1
Lair:5:   hangedman_lair_in_review, layout_cave_pods,
          grunt_forest_small_clearing_treed, lemuel_fruit_fields

Skill      XL: |  1  2  3  4  5  6  7  8  9 10 11 12 13 14 |
---------------+-------------------------------------------+-----
Ranged Weapons | 5 6 7 8 9 11 13 15 16 | 16.0
Fighting       | 3 4 6 7 8 10 11 13 15 17 | 17.7
Armour         | 1 2 3 4 5 7 8 9 |  9.1
Dodging        | 3 4 5 6 8 10 11 12 | 12.0
Invocations    | 2 4 7 10 | 10.0
Stealth        | |  0.7

Action                     |  1- 3 |  4- 6 |  7- 9 | 10-12 | 13-15 || total
---------------------------+-------+-------+-------+-------+-------++-------
   Fire: Shortbow          |    80 |   147 |   323 |    88 |       ||   638
         Orcbow            |       |       |       |  1074 |  1064 ||  2138
 Invoke: Heroism           |       |       |       |    20 |    22 ||    42
         Finesse           |       |       |       |       |     5 ||     5
    Use: Scroll            |     7 |    13 |     2 |     9 |     7 ||    38
         Potion            |       |     2 |     3 |     9 |     3 ||    17
 Armour: Leather armour    |    20 |     5 |       |       |       ||    25
         Ring mail         |       |    26 |   130 |   125 |       ||   281
         Troll leather arm |       |       |       |   126 |   206 ||   332
  Dodge: Dodged            |    34 |    51 |   172 |   541 |   660 ||  1458

Table legend:
 A = Non-vault XP
 B = Vault XP
 C = Vault XP percentage of total XP
 D = Non-vault monster count
 E = Vault monster count
 F = Vault count percentage of total count
                 A         B        C        D         E       F
            +---------+---------+-------+---------+---------+-------
      Total |   57942 |   31364 |  35.1 |     395 |     182 |  31.5
            +---------+---------+-------+---------+---------+-------
        D:1 |      37 |       0 |   0.0 |      20 |       0 |   0.0
        D:2 |      51 |      37 |  42.0 |      20 |       1 |   4.8
        D:3 |     180 |       0 |   0.0 |      24 |       0 |   0.0
        D:4 |     289 |       0 |   0.0 |      21 |       0 |   0.0
        D:5 |    1488 |     788 |  34.6 |      33 |      46 |  58.2
        D:6 |     970 |     172 |  15.1 |      27 |       1 |   3.6
        D:7 |    1216 |    3516 |  74.3 |      21 |      14 |  40.0
        D:8 |     749 |    1036 |  58.0 |      12 |       5 |  29.4
        D:9 |    3109 |    3300 |  51.5 |      21 |      39 |  65.0
       D:10 |    3484 |    1046 |  23.1 |      24 |      10 |  29.4
       D:11 |    2358 |     556 |  19.1 |      11 |       1 |   8.3
       D:12 |    5898 |    2202 |  27.2 |      20 |       6 |  23.1
       D:13 |    1953 |       0 |   0.0 |       8 |       0 |   0.0
     Lair:1 |    5748 |    2505 |  30.4 |      35 |       5 |  12.5
     Lair:2 |    3599 |     326 |   8.3 |      20 |       2 |   9.1
     Lair:3 |    4098 |     800 |  16.3 |      12 |       4 |  25.0
     Lair:4 |    8218 |    4650 |  36.1 |      29 |      27 |  48.2
     Lair:5 |   14497 |   10430 |  41.8 |      37 |      21 |  36.2
            +---------+---------+-------+---------+---------+-------
